 Dungeon Crawl Stone Soup version 0.26.0-16-gc1dbca0489 (webtiles) character file.

Game seed: 14575508147775194732

53950 zcampers the Severer (level 14, -4/135 HPs)
             Began as a Minotaur Berserker on Jan 20, 2021.
             Was an Elder of Trog.
             Slain by a minotaur
             ... wielding the +8 demon blade "Leech" {vamp, *Rage +Rage rN+}
              (7 damage)
             ... in a Gauntlet.
             The game lasted 00:38:03 (18328 turns).

zcampers the Severer (Minotaur Berserker)          Turns: 18328, Time: 00:38:04

Health: -4/135     AC: 25    Str: 21    XL:     14   Next: 32%
Magic:  13/13      EV: 11    Int:  8    God:    Trog [****..]
Gold:   1883       SH:  7    Dex: 12    Spells: 13/13 levels left

rFire    + . .     SeeInvis +   z - +4 war axe (elec)
rCold    . . .     Faith    .   d - +2 buckler
rNeg     . . .     Spirit   .   A - +5 chain mail {rF+}
rPois    +         Reflect  .   a - +2 hat {SInv}
rElec    .         Harm     .   v - +2 cloak
rCorr    .         Rampage  .   (no gloves)
Will     ++...     Rnd*Rage +   c - +0 pair of boots Stlth ..........NoTele +
                                p - amulet of the acrobat
HPRegen  0.32/turn              s - ring of poison resistance
MPRegen  0.13/turn              (no ring)

@: berserk cooldown, slowed, very slow
A: retaliatory headbutt, horns 2, berserk 1, strong-willed 1
a: Renounce Religion, Berserk, Trog's Hand, Brothers in Arms


You were in a Gauntlet.
You worshipped Trog.
Trog was greatly pleased with you.
You visited 2 branches of the dungeon, and saw 15 of its levels.
You also visited: Bailey and Gauntlet.

You collected 1883 gold pieces.

Inventory:

Hand Weapons
 r - a +4 vorpal mace
 z - a +4 war axe of electrocution (weapon)
Missiles
 i - 80 poisoned darts (quivered)
Armour
 a - a +2 hat of see invisible (worn)
 c - a +0 pair of boots (worn)
 d - a +2 buckler (worn)
 v - a +2 cloak (worn)
 A - a +5 chain mail of fire resistance (worn)
Jewellery
 p - an amulet of the acrobat (around neck)
 s - a ring of poison resistance (left hand)
 D - the ring of Ycsyosk {rElec rC- rN+ Dex+2 Slay+4, unknown}
   (You found it in a Gauntlet)

   [ring of slaying]

   It affects your dexterity (+2).
   It affects your accuracy and damage with ranged weapons and melee attacks
   (+4).
   It makes you vulnerable to cold.
   It insulates you from electricity.
   It protects you from negative energy.
Wands
 h - a wand of acid (7)
 m - a wand of polymorph (17)
 n - a wand of random effects (13)
 q - a wand of digging (5)
 y - a wand of iceblast (21)
 E - a wand of flame (17)
Scrolls
 e - 2 scrolls of identify
 f - 3 scrolls of fog
 l - 3 scrolls of remove curse
 o - 4 scrolls of teleportation
 B - 2 scrolls of blinking
 F - 2 scrolls of magic mapping
 G - 4 scrolls of fear
Potions
 b - 6 potions of ambrosia
 g - 2 potions of heal wounds
 j - 8 potions of curing
 k - 2 potions of resistance
 t - a potion of magic
 u - 6 potions of flight
 w - 4 potions of might
 x - a potion of haste
Miscellaneous
 C - a box of beasts


   Skills:
 + Level 15.3 Fighting
 + Level 18.0 Axes
 + Level 2.1(12.3) Maces & Flails
 + Level 1.4 Throwing
 + Level 14.9 Armour
 + Level 6.4 Dodging
 + Level 2.3 Stealth
 - Level 4.0 Shields
 + Level 0.8 Evocations


You had 13 spell levels left.
You didn't know any spells.
Your spell library was empty.

Dungeon Overview and Level Annotations

Branches:
Dungeon (15/15)            Temple (0/1) D:5            Lair (1/6) D:11
    Orc (0/2) D:12         Vaults (0/5) D:13         Depths (0/5) D:15
 Bailey (visited)         Gauntlet (1/1)

Altars:
Dithmenos
Elyvilon
Kikubaaqudgha
Nemelex Xobeh
Qazlal
Ru
Sif Muna
Uskayaw
Vehumet
Yredelemnul
Zin

Shops:
D:2 *   D:15 *

Portals:
Trove: D:11 (give +3 storm dragon scales)

Annotations:
Gauntlet 6 transporters, exclusion: ice statue


Innate Abilities, Weirdness & Mutations

You reflexively headbutt those who attack you in melee.
You have a pair of horns on your head.
You tend to lose your temper in combat.
You are strong-willed. (Will+)


Message History

* * * LOW HITPOINT WARNING * * *
Your headbutt misses the minotaur.
The minotaur is lightly wounded.
The minotaur completely misses you. You furiously retaliate!
You headbutt the minotaur, but do no damage.
The minotaur gores you!!
* * * LOW HITPOINT WARNING * * *
The minotaur hits you with the +8 demon blade "Leech" {vamp, *Rage +Rage rN+}.
* * * LOW HITPOINT WARNING * * *
The minotaur draws strength from your wounds!
The minotaur gores you but does no damage.
You closely miss the minotaur.
The minotaur furiously retaliates!
The minotaur headbutts you, but does no damage.
You headbutt the minotaur, but do no damage.
The minotaur is lightly wounded.
The minotaur hits you with the +8 demon blade "Leech" {vamp, *Rage +Rage rN+}!
* * * LOW HITPOINT WARNING * * *
The minotaur draws strength from your wounds!
The minotaur gores you!
You die...

[#. #.⌠.# ?#.≈ #...#
©#.# #.⌠.#############
}#..##...##..........#
.#...#.⌠.##.########.#
.#.∩.#...##.#(..@H.#.#
##...#.©.##.#.####.#.#
...⌠.#......#.# #.#
##...#.©.####.######.#
.#.∩.#...# #........#
##...#.⌠.# ##########
##..##...# ©#.###.⌠.#
.#.≈##...#


You could see a minotaur (berserk).

Vanquished Creatures
  Frances (D:14)
  Gastronok (D:9)
  A frost giant (D:15)
  A stone giant (D:10)
  A death ooze (Gauntlet)
  2 hydras
  Harold (D:8)
  4 vault guards (D:13)
  A catoblepas (D:14)
  3 centaur warriors
  A queen ant (Gauntlet)
  An ogre mage (D:13)
  5 two-headed ogres
  4 skeletal warriors (D:14)
  3 unseen horrors
  An orc knight (D:13)
  Pikel (D:4)
  A necromancer (D:15)
  14 ugly things
  4 cyclopes
  2 manticores
  3 centaur zombies
  Joseph (D:8)
  4 gargoyles
  A cane toad (Lair:1)
  2 komodo dragons
  An efreet (D:15)
  4 kobold demonologists
  A freezing wraith (D:14)
  2 yaktaurs
  A tengu conjurer (D:13)
  A queen bee (D:12)
  3 meliai (D:12)
  2 trolls
  A hornet (D:11)
  3 slime creatures (D:14)
  A raiju (Gauntlet)
  A shadow (D:15)
  2 wyverns (D:13)
  19 yaks
  A steam dragon (Gauntlet)
  4 vampire mosquitoes
  4 soldier ants (Gauntlet)
  An acid dragon (D:15)
  2 water moccasins
  14 orc warriors
  4 sky beasts
  4 ice beasts
  4 phantoms
  12 ogres
  2 black bears
  13 centaurs
  A lemure (D:5)
  6 bullfrogs
  2 wyvern zombies
  5 big kobolds
  7 gnoll sergeants (Bailey)
  A scorpion (D:10)
  25 killer bees
  15 wights
  2 howler monkeys
  3 jellies
  A quasit (D:15)
  A bullfrog zombie (D:10)
  A human zombie (D:10)
  Crazy Yiuf (D:3)
  5 gnoll shamans (Bailey)
  6 orc priests
  8 hounds
  11 orc wizards
  Ijyb (D:3)
  2 bullfrog skeletons
  5 centaur skeletons
  3 iguanas
  7 worker ants
  A human skeleton (D:10)
  A polar bear simulacrum (D:15)
  A killer bee zombie (D:9)
  4 wolf simulacra (D:15)
  3 yak simulacra (D:15)
  A hound zombie (D:7)
  A hound skeleton (D:7)
  Robin (D:3)
  14 gnolls
  9 adders
  2 white imps
  An ufetubus (D:9)
  An ooze (D:1)
  2 adder skeletons
  2 worms
  A dart slug (D:2)
  3 leopard geckos
  44 orcs
  2 ball pythons
  2 bat skeletons (D:2)
  2 bat zombies (D:2)
  3 giant cockroaches
  17 goblins
  4 hobgoblins
  8 jackals (D:2)
  19 kobolds
  4 quokkas
  3 bats
  5 frilled lizards
  A goblin skeleton (D:10)
  A leopard gecko skeleton (D:5)
  12 rats
  2 river rat simulacra (D:15)
467 creatures vanquished.

Vanquished Creatures (collateral kills)
  Nessos (D:12)
  A kobold demonologist (D:15)
  A troll (D:15)
  A gnoll sergeant (Bailey)
  A howler monkey (D:12)
  A jelly (Gauntlet)
  An orc priest (D:8)
  A gnoll shaman (Bailey)
  A bullfrog skeleton (D:12)
  4 gnolls (Bailey)
  3 orcs (D:8)
16 creatures vanquished.

Vanquished Creatures (others)
  A human (D:10)
  A water moccasin (D:10)
  A centaur (D:12)
  A polar bear simulacrum (D:15)
  An adder (D:10)
  8 plants
  3 withered plants (D:2)
16 creatures vanquished.

Grand Total: 499 creatures vanquished

Notes
Turn   | Place    | Note
-------+----------+-------------------------------------------
     0 | D:1      | zcampers the Minotaur Berserker began the quest for the
                  | Orb.
     0 | D:1      | Reached XP level 1. HP: 19/19 MP: 0/0
    92 | D:1      | Reached XP level 2. HP: 23/27 MP: 1/1
    94 | D:1      | Reached skill level 4 in Axes
   271 | D:1      | Found a sparkling altar of Nemelex Xobeh.
   700 | D:2      | Reached ** piety under Trog
   707 | D:2      | Reached XP level 3. HP: 28/33 MP: 2/2
   710 | D:2      | Gained mutation: You tend to lose your temper in combat.
                  | [potion of mutation]
   710 | D:2      | Gained mutation: You are strong-willed. (Will+) [potion of
                  | mutation]
   728 | D:2      | Found a stormy altar of Qazlal.
   959 | D:2      | Found Zin's Purification Station.
   964 | D:2      | Found a glowing silver altar of Zin.
  1073 | D:2      | Reached XP level 4. HP: 41/41 MP: 3/3
  1747 | D:3      | Found a sacrificial altar of Ru.
  1756 | D:3      | Noticed Robin
  1763 | D:3      | Reached skill level 5 in Axes
  1767 | D:3      | Killed Robin
  1767 | D:3      | Reached *** piety under Trog
  1811 | D:3      | Noticed a +0 hand axe
  1811 | D:3      | Noticed a +0 hand axe
  1814 | D:3      | Found a hide-covered altar of Uskayaw.
  1912 | D:3      | Reached XP level 5. HP: 15/47 MP: 4/4
  2226 | D:3      | Found a shadowy altar of Dithmenos.
  2250 | D:3      | Noticed Ijyb
  2264 | D:3      | Killed Ijyb
  2523 | D:3      | Found a runed translucent door.
  2524 | D:3      | Noticed Crazy Yiuf
  2535 | D:3      | Killed Crazy Yiuf
  2745 | D:4      | Reached skill level 1 in Shields
  2897 | D:4      | Reached XP level 6. HP: 53/53 MP: 5/5
  2899 | D:4      | Reached skill level 6 in Axes
  3081 | D:4      | Reached skill level 1 in Throwing
  3438 | D:4      | Noticed Pikel
  3444 | D:5      | Entered Level 5 of the Dungeon
  3459 | D:4      | Killed Pikel
  3460 | D:4      | Reached skill level 5 in Fighting
  3460 | D:4      | Reached skill level 8 in Axes
  3460 | D:4      | Reached skill level 5 in Armour
  3460 | D:4      | Reached XP level 7. HP: 48/61 MP: 6/6
  3928 | D:5      | Found an ancient bone altar of Kikubaaqudgha.
  4091 | D:5      | Found a staircase to the Ecumenical Temple.
  4225 | D:5      | You fall into a shaft and drop 3 floors!
  4236 | D:8      | Reached XP level 8. HP: 61/70 MP: 7/7
  4250 | D:9      | Noticed Gastronok
  4327 | D:8      | Noticed a two-headed ogre
  4329 | D:8      | Noticed Joseph
  4341 | D:8      | Killed a two-headed ogre
  4342 | D:8      | Reached skill level 9 in Axes
  4350 | D:8      | Killed Joseph
  4351 | D:8      | Reached skill level 10 in Axes
  4351 | D:8      | Reached XP level 9. HP: 16/79 MP: 8/8
  5005 | D:7      | Reached **** piety under Trog
  5228 | D:7      | Reached skill level 11 in Axes
  5738 | D:8      | Found a shimmering blue altar of Sif Muna.
  6045 | D:8      | Identified the +5 hunting sling of the Shouting Dragonfly
                  | {vorpal, rElec rF+++ MP-9 SInv}
  6080 | D:8      | Noticed Harold
  6095 | D:8      | Killed Harold
  6096 | D:8      | Reached XP level 10. HP: 90/90 MP: 9/9
  6216 | D:8      | Reached skill level 12 in Axes
  6642 | D:9      | Killed Gastronok
  6643 | D:9      | Reached skill level 10 in Armour
  6675 | D:9      | Noticed a two-headed ogre
  6975 | D:9      | Reached skill level 13 in Axes
  6977 | D:9      | Killed a two-headed ogre
  7085 | D:9      | Got a fine whip
  7091 | D:9      | Identified the cursed +0 whip "Paoch" {vorpal, rC+ Int+4}
                  | (You found it on level 9 of the Dungeon)
  7286 | D:9      | Reached XP level 11. HP: 99/99 MP: 10/10
  7304 | D:9      | Reached skill level 10 in Fighting
  7369 | D:9      | Reached ***** piety under Trog
  7487 | D:9      | Found a radiant altar of Vehumet.
  7487 | D:9      | Found a white marble altar of Elyvilon.
  7623 | D:10     | Entered Level 10 of the Dungeon
  7623 | D:10     | Found a runed translucent door.
  7641 | D:10     | Noticed a two-headed ogre
  7824 | D:10     | Killed a two-headed ogre
  7840 | D:10     | Found a basalt altar of Yredelemnul.
  7840 | D:10     | Noticed an unseen horror
  7846 | D:10     | Killed an unseen horror
  7901 | D:10     | Reached skill level 14 in Axes
  8209 | D:10     | Received a gift from Trog
  8221 | D:10     | Found a flagged portal.
  8234 | Bailey   | Entered a bailey
  8920 | D:10     | Noticed a two-headed ogre
  8929 | D:10     | Killed a two-headed ogre
  9061 | D:10     | Noticed a stone giant
  9069 | D:10     | Killed a stone giant
  9433 | D:10     | Reached skill level 15 in Axes
  9946 | D:11     | Noticed a purple ugly thing
  9953 | D:11     | Killed a purple ugly thing
 10011 | D:11     | Reached XP level 12. HP: 89/110 MP: 11/11
 10213 | D:11     | Found a portal to a secret trove of treasure.
 10751 | D:11     | Found a staircase to the Lair.
 10924 | D:11     | Noticed a seven-headed hydra
 10935 | D:11     | Killed an eight-headed hydra
 11251 | D:11     | Reached skill level 5 in Dodging
 11251 | D:11     | Reached skill level 1 in Stealth
 11501 | D:11     | Received a gift from Trog
 11502 | D:11     | Reached skill level 1 in Maces & Flails
 11692 | D:12     | Found a staircase to the Orcish Mines.
 11816 | D:12     | Noticed Nessos
 11832 | D:12     | Killed Nessos
 12002 | D:12     | Reached skill level 16 in Axes
 12347 | D:12     | Received a gift from Trog
 12661 | D:13     | Noticed a centaur warrior
 12675 | D:13     | Killed a centaur warrior
 13211 | D:13     | Reached XP level 13. HP: 118/122 MP: 12/12
 13564 | D:13     | Found a gate to the Vaults.
 14047 | D:14     | You fall into a shaft and drop 1 floor!
 14047 | D:15     | Entered Level 15 of the Dungeon
 14058 | D:15     | Found Toobenk's General Store.
 14110 | D:15     | Reached skill level 17 in Axes
 14874 | D:15     | Found a staircase to the Depths.
 14874 | D:15     | Noticed a frost giant
 14884 | D:15     | Killed a frost giant
 15307 | D:15     | Received a gift from Trog
 15988 | D:14     | Reached XP level 14. HP: 133/133 MP: 13/13
 16224 | D:14     | Reached skill level 15 in Fighting
 16357 | D:14     | Noticed Frances
 16788 | D:14     | Killed Frances
 17904 | Lair:1   | Entered Level 1 of the Lair of Beasts
 18060 | Lair:1   | Found a gate leading to a gauntlet.
 18079 | Gauntlet | Entered a Gauntlet
 18079 | Gauntlet | Found a transporter.
 18079 | Gauntlet | Found a transporter.
 18083 | Gauntlet | Found a transporter.
 18086 | Gauntlet | Found a transporter.
 18087 | Gauntlet | Found a transporter.
 18087 | Gauntlet | Found a transporter.
 18156 | Gauntlet | Found a transporter.
 18156 | Gauntlet | Found a transporter.
 18181 | Gauntlet | Got a coiled glass ring
 18184 | Gauntlet | Found a transporter.
 18184 | Gauntlet | Found a transporter.
 18185 | Gauntlet | Identified the ring of Akeynoeh {rPois Str+6 Slay-6 SInv}
                  | (You found it in a Gauntlet)
 18214 | Gauntlet | Found a transporter.
 18215 | Gauntlet | Found a transporter.
 18251 | Gauntlet | Reached skill level 18 in Axes
 18258 | Gauntlet | Got a wavering bronze ring
 18328 | Gauntlet | HP: 3/135 [minotaur/the +8 demon blade "Leech" {vamp, *Rage
                  | +Rage rN+} (11)]
 18328 | Gauntlet | Slain by a minotaur

Illustrated notes

Levels and vault maps discovered:
D:1:      lemuel_arrival_lava_pool, layout_basic, wad_floor_pattern_1,
          nemelex_altar_shiori
D:2:      layout_basic, zin_purify, lemuel_doored_altar, serial_undead,
          serial_undead_b, serial_undead_a, serial_undead_b, serial_undead_e,
          serial_undead_e, hangedman_decor_points, minmay_misc_feat_rugged
D:3:      layout_basic, nicolae_dithmenos_through_a_glass_darkly,
          dancing_weapons_uskayaw, chequers_serial_rivers_micro_d,
          minmay_misc_feat_four_crosses, minmay_misc_feat_secret_circle,
          nicolae_ru_sacrificial_ziggurat, uniq_robin, uniq_crazy_yiuf_cottage,
          uniq_ijyb
D:4:      layout_cave_pools, serial_column_ruins, column_ruins_courtyard_long,
          column_ruins_hut, column_ruins_open_large, column_ruins_open_medium,
          column_ruins_grid_2, column_ruins_grid_1, column_ruins_columns_corner,
          column_ruins_grid_1, lexackson_kobold_supper, uniq_pikel
D:5:      layout_layer_cave, general_overflow_altar, overflow_temple_1_default,
          temple_green
D:7:      layout_loops_ring, uniq_duvessa
D:8:      layout_loops_ring, basic_altar, uniq_joseph, uniq_harold
D:9:      layout_irregular_city, gammafunk_temple_overflow_elements,
          minmay_fractal_squares_5, uniq_gastronok
D:10:     nzn_winding_woodlands_small [nzn_winding_woodlands_5x15_jagged,
          nzn_winding_woodlands_center_lodge,
          nzn_winding_woodlands_5x15_pathside_ponds], layout_grid_maze,
          enter_bailey_5, dk_yredelemnul_ordeal
D:11:     layout_roguey, lair_entry_dummy, serial_co_window_serial,
          co_window_of_opportunity_a, co_window_paths_a,
          co_window_of_opportunity_a, co_window_corner_a,
          co_window_of_opportunity_a, co_window_paths_b, co_window_2corner,
          co_window_broadway_c, co_window_corner_ca, co_window_unsneaky_path_d,
          co_window_2corner, co_window_unsneaky_path_a, glass_columns_a,
          glass_columns_b, special_room [special_room_orc], enter_trove_6
D:12:     layout_cave_pools, orc_0_dummy, special_room [special_room_bee],
          uniq_nessos
D:13:     lemuel_ice_spiral_2, layout_basic, grunt_vaults_entry_fortified,
          kennysheep_windowed_goal
D:14:     layout_stronghold, infiniplex_staircase_squiggle, uniq_frances
D:15:     grunt_enter_depths_snipers, layout_rooms, palyth_stone_intersect,
          serial_shops, nicolae_shop_crystal, eino_house_with_fridge
Lair:1:   layout_chaotic_city, gauntlet_entry_generic,
          gammafunk_ghost_necromancy, grunt_megastairs_5, uniq_erica
Gauntlet: minmay_gauntlet_77_indecision [minmay_gauntlet_arena_77_box,
          minmay_gauntlet_arena_77_radiant_squares,
          minmay_gauntlet_arena_77_block_sizes,
          minmay_gauntlet_arena_77_broken_ladder,
          minmay_gauntlet_arena_77_mirror, minmay_gauntlet_arena_77_fan,
          gauntlet_exit_spiral]

Skill      XL: |  1  2  3  4  5  6  7  8  9 10 11 12 13 14 |
---------------+-------------------------------------------+-----
Axes           | 4 5 8 10 11 13 15 16 17 18 | 18.0
Fighting       | 4 5 7 8 9 11 13 14 15 | 15.3
Armour         | 3 4 5 7 9 10 11 13 14 | 14.9
Dodging        | 3 4 5 6 |  6.4
Shields        | 1 2 3 4 |  4.0
Throwing       | 1 |  1.4
Stealth        | 1 2 |  2.3
Maces & Flails | 1 2 |  2.1
Evocations     | |  0.8

Action                   |  1- 3 |  4- 6 |  7- 9 | 10-12 | 13-15 || total
-------------------------+-------+-------+-------+-------+-------++-------
Melee: Hand axe          |    68 |   130 |   189 |       |       ||   387
       Headbutt          |     9 |    14 |    34 |    94 |    85 ||   236
       War axe           |       |       |       |   505 |   370 ||   875
       Mace              |       |       |       |    15 |     6 ||    21
Throw: Dart              |       |     7 |     2 |       |       ||     9
Invok: Berserk           |       |     4 |     3 |     7 |     6 ||    20
       Trog's Hand       |       |     1 |       |     4 |     2 ||     7
       Brothers in Arms  |       |       |     1 |     2 |     4 ||     7
Evoke: Wand              |       |       |     2 |       |       ||     2
  Use: Scroll            |     3 |     5 |     2 |    11 |     6 ||    27
       Potion            |     4 |     4 |     3 |     4 |     1 ||    16
 Stab: Distracted        |       |       |       |       |     1 ||     1
Armor: Animal skin       |    16 |       |       |       |       ||    16
       Chain mail        |     7 |    81 |    65 |   331 |   184 ||   668
Dodge: Dodged            |    51 |    56 |    79 |   404 |   179 ||   769
Block: Buckler           |     6 |    14 |    40 |   116 |    86 ||   262
